 Dungeon Crawl Stone Soup version 0.31-a0-544-gceb718ecc6 (webtiles) character file.

Game seed: 12548228309039733392

579 Shayle the Trooper (level 7, -1/74 HPs)
             Began as an Ogre Shapeshifter on Aug 15, 2023.
             Killed from afar by a will-o-the-wisp (20 damage)
             ... with a foxfire
             ... on level 1 of the Abyss.
             The game lasted 00:14:52 (3398 turns).

Shayle the Trooper (Ogre Shapeshifter)              Turns: 3398, Time: 00:14:53

Health: -1/74      AC:  7    Str: 20    XL:     7   Next: 36%
Magic:  13/13      EV:  9    Int: 11    God:
Gold:   228        SH:  0    Dex:  9    Spells: 9/14 levels left

rFire   . . .        y - +1 trident of Evil {venom, rF- rN+ SInv}
rCold   . . .        (no shield)
rNeg    + . .        a - +0 animal skin
rPois   .            (helmet currently unavailable)
rElec   .            (cloak currently unavailable)
rCorr   .            (gloves unavailable)
SInv    +            (boots unavailable)
Will    .....        (no amulet)
Stlth   +            q - ring of protection from fire
HPRegen 0.32/turn    w - +4 ring of protection
MPRegen 0.13/turn

%: no passive effects
@: beast-form
A: beast (slay +2), large, unfitting armour, tough skin 1
a: Begin Untransformation


You were on level 1 of the Abyss.
You were a hulking beast.
You visited 1 branch of the dungeon, and saw 5 of its levels.
You visited the Abyss 1 time.

You collected 228 gold pieces.

Inventory:

Hand Weapons
 b - a +2 hand axe of electrocution
 y - the +1 trident of Evil (weapon) {venom, rF- rN+ SInv}
   (You took it off a hobgoblin on level 4 of the Dungeon)

   rF-:       It makes you vulnerable to fire.
   rN+:       It protects you from negative energy.
   SInv:      It lets you see invisible.
Missiles
 g - 3 boomerangs
Armour
 a - a +0 animal skin (worn)
 j - a +0 cloak
Jewellery
 p - a ring of fire
 q - a ring of protection from fire (left hand)
 w - a +4 ring of protection (right hand)
Talismans
 c - a beast talisman (active)
 d - a flux talisman
Wands
 l - a wand of light (10)
 u - a wand of mindburst (14)
 z - a wand of roots (12)
Scrolls
 f - a scroll of fear
 i - a scroll of immolation
 o - 2 scrolls of revelation
 t - a scroll of teleportation {unknown}
 v - a scroll of fog {unknown}
Potions
 h - a potion of might {unknown}
 k - 2 potions of curing {unknown}
 m - a potion of enlightenment {unknown}
 n - a potion of brilliance {unknown}
 r - a potion of lignification
 s - 2 potions of haste {unknown}
 x - a potion of heal wounds {unknown}


   Skills:
 + Level 5.8 Fighting
 - Level 1.7 Dodging
 + Level 4.8 Unarmed Combat
 + Level 4.4 Spellcasting
 + Level 0.3 Conjurations
 + Level 0.3 Fire Magic
 - Level 3.0 Shapeshifting


You had 9 spell levels left.
You knew the following spells:

 Your Spells              Type           Power      Damage    Failure   Level
a - Fireball              Conj/Fire      1%         3d3       99%         5

Your spell library contained the following spells:

 Spells                   Type           Power      Damage    Failure   Level
 Magic Dart               Conj           12%        1d3       21%         1
 Apportation              Tloc           4%         N/A       22%         1
 Necrotise                Necr           8%         1d4       22%         1
 Summon Small Mammal      Summ           8%         N/A       22%         1
 Searing Ray              Conj           6%         2d4       30%         2
 Fulminant Prism          Conj/Hex       1%         3d5       91%         4
 Iskenderun's Battlesphe  Conj           3%         2d6       99%         5
 Conjure Ball Lightning   Conj/Air       1%         3x3d6     100%        6
 Orb of Destruction       Conj           1%         9d5       100%        7


Dungeon Overview and Level Annotations

Branches:
Dungeon (5/15)
 Temple: D:4-7

Altars:

Shops:
D:1 ?

Annotations:
D:2 1 runed translucent door, Crazy Yiuf


Innate Abilities, Weirdness & Mutations

You are a hulking beast.
Your limbs bulge with bestial killing power. (Slay +2)
You are too large for most types of armour.
You have tough skin. (AC +1)


Message History

You completely miss the will-o-the-wisp.
The will-o-the-wisp barely misses you.
You hit the will-o-the-wisp.
The will-o-the-wisp is lightly damaged.
The will-o-the-wisp engulfs you.
You hit the will-o-the-wisp but do no damage.
You punch the will-o-the-wisp.
The will-o-the-wisp is lightly damaged.
The will-o-the-wisp engulfs you but does no damage.
The ufetubus shouts!
You hit the will-o-the-wisp but do no damage.
The will-o-the-wisp is lightly damaged.
The will-o-the-wisp completely misses you.
The will-o-the-wisp engulfs you but does no damage.
You hit the will-o-the-wisp. Your punch misses the will-o-the-wisp.
The will-o-the-wisp is moderately damaged.
The will-o-the-wisp blinks!
The ufetubus attacks as you move away! The ufetubus hits you.
The ufetubus barely misses you.
The ufetubus hits you but does no damage.
The ufetubus closely misses you.
An ufetubus is nearby!
You miss the ufetubus.
The ufetubus hits you but does no damage. x2
The ufetubus barely misses you.
The ufetubus hits you but does no damage.
You hit the ufetubus.
The ufetubus is poisoned.
The ufetubus is heavily wounded.
The ufetubus hits you but does no damage. x2
The ufetubus closely misses you. The ufetubus barely misses you.
The will-o-the-wisp gestures.
The will-o-the-wisp conjures some foxfire! 2 foxfires come into view.
You closely miss the ufetubus.
The ufetubus is almost dead.
You kill the ufetubus!
The foxfire hits you!!
* * * LOW HITPOINT WARNING * * *
The foxfire hits you!!
You die...

.#.. .##
#....# # .
........
##.. ## .
. #. .
.###....#
# .. .
.....#..#
..# .
#...## ..
. #. #.
.#.#. ##
#.##§###.#
...
#§vv§.#.#
. .#
##§#h...#
###..
#.##.###
#. .v#..#
#..#§..
.##.v#..
.. #. ...
#. #. .#..
. .#.#.


You could see a will-o-the-wisp.

Vanquished Creatures
  Menkaure (D:4)
  A black bear (D:4)
  4 hounds (D:4)
  A jelly (D:5)
  A sleepcap (D:5)
  Terence (D:2)
  4 gnolls (D:3)
  5 adders
  A shadow imp (D:4)
  An ufetubus (Abyss:1)
  A worm (D:2)
  A dart slug (D:1)
  2 orcs (D:3)
  7 ball pythons
  5 bats
  9 endoplasms
  3 giant cockroaches
  5 goblins
  7 hobgoblins
  4 jackals (D:2)
  2 quokkas
  3 frilled lizards
  5 kobolds
  4 rats
78 creatures vanquished.

Vanquished Creatures (others)
  5 foxfires (Abyss:1)
5 creatures vanquished.

Grand Total: 83 creatures vanquished

Notes
Turn   | Place    | Note
-------+----------+-------------------------------------------
     0 | D:1      | Shayle the Ogre Shapeshifter began the quest for the Orb.
     0 | D:1      | Reached XP level 1. HP: 19/19 MP: 1/1
    37 | D:1      | Found Ygifis's Magic Scroll Emporium.
   150 | D:1      | Reached XP level 2. HP: 28/28 MP: 3/3
   160 | D:1      | Reached skill level 2 in Fighting
   170 | D:1      | Reached skill level 1 in Spellcasting
   396 | D:2      | Found a runed translucent door.
   397 | D:2      | Noticed Crazy Yiuf
   472 | D:2      | Noticed Terence
   481 | D:2      | HP: 1/43 [Terence/+0 flail (3)]
   487 | D:2      | Killed Terence
   488 | D:2      | Reached XP level 3. HP: 3/36 MP: 3/5
   662 | D:2      | Reached skill level 3 in Fighting
   798 | D:2      | Reached XP level 4. HP: 44/45 MP: 6/6
  1665 | D:3      | Reached XP level 5. HP: 54/54 MP: 7/9
  1670 | D:3      | Reached skill level 4 in Fighting
  2100 | D:4      | Noticed a black bear
  2118 | D:4      | HP: 4/81 [black bear (3)]
  2120 | D:4      | Killed a black bear
  2121 | D:4      | Reached XP level 6. HP: 6/63 MP: 9/11
  2583 | D:4      | Reached skill level 5 in Fighting
  2843 | D:4      | Identified the +1 trident of Evil {venom, rF- rN+ SInv}
  3043 | D:4      | Noticed Menkaure
  3052 | D:4      | Killed Menkaure
  3053 | D:4      | Reached XP level 7. HP: 55/74 MP: 11/13
  3145 | D:4      | Learned a level 5 spell: Fireball
  3204 | D:5      | Entered Level 5 of the Dungeon
  3337 | Abyss:1  | Cast into level 1 of the Abyss (orc)
  3380 | Abyss:1  | Noticed a will-o-the-wisp
  3398 | Abyss:1  | Killed from afar by a will-o-the-wisp

Illustrated notes

Levels and vault maps discovered:
D:1:      dpeg_arrival_rooms_with_view, layout_basic, serial_shops, shop_statue
D:2:      minmay_recursive_quarters, layout_rooms, uniq_terence,
          uniq_crazy_yiuf_cottage
D:3:      layout_basic, kennysheep_generic_room_12
D:4:      layout_basic, uniq_menkaure
D:5:      layout_loops_ring, lemuel_temple_firewalk_b, serial_glass,
          glass_columns_b, glass_columns_b, item_on_display_a,
          item_on_display_b, minmay_strange_pillars, enter_ossuary_2
Abyss:1:  base:
D:2

Skill      XL: |  1  2  3  4  5  6 |
---------------+-------------------+-----
Fighting       | 2 3 4 5 |  5.8
Spellcasting   | 1 2 3 4 |  4.4
Unarmed Combat | 3 4 |  4.8
Dodging        | |  1.7
Conjurations   | |  0.3
Fire Magic     | |  0.3
Shapeshifting  | |  3.0

Action                     |  1- 3 |  4- 6 |  7- 9 || total
---------------------------+-------+-------+-------++-------
  Melee: Unarmed           |    78 |   163 |       ||   241
         Punch             |     4 |     3 |     3 ||    10
         Trident           |       |    12 |    19 ||    31
  Evoke: Wand              |       |     3 |       ||     3
    Use: Potion            |     1 |     1 |       ||     2
         Scroll            |       |       |     3 ||     3
   Stab: Invisible         |       |     1 |       ||     1
 Armour: Animal skin       |    20 |    53 |    13 ||    86
         Skin              |     5 |    12 |       ||    17
  Dodge: Dodged            |    25 |    75 |     9 ||   109

Table legend: (Time is in decaauts)
 A = Elapsed time spent in this place.
 B = Non-inter-level travel time spent in this place.
 C = Inter-level travel time spent in this place.
 D = Time resting spent in this place.
 E = Time spent auto-exploring this place.
 F = Levels seen in this place.
 G = Mean time per level.
                   A        B        C        D        E       F      G
               +--------+--------+--------+--------+--------+-----+--------+
         Total |   3388 |   3259 |    129 |    598 |   1646 |   6 |  564.7 |
       Dungeon |   3325 |   3196 |    129 |    595 |   1646 |   5 |  665.0 |
         Abyss |     63 |     63 |      0 |      3 |      0 |   1 |   63.0 |
               +--------+--------+--------+--------+--------+-----+--------+

Top non-repeatable levels by time:
     D:4: 1235 daAuts
     D:2: 902 daAuts
     D:3: 670 daAuts
     D:1: 382 daAuts
     D:5: 134 daAuts
 Abyss:1: 63 daAuts
